 Dungeon Crawl Stone Soup version 0.28-a0-649-g2b6bb2fd11 (webtiles) character file.

Game seed: 159168515912116110

109 nrengl the Vexing (level 4, -36/21 HPs)
             Began as a Spriggan Enchanter on Oct 11, 2021.
             Killed by an exploding goblin (37 damage)
             ... ignited by their inner flame
             ... on level 3 of the Dungeon.
             The game lasted 00:04:36 (2328 turns).

nrengl the Vexing (Spriggan Enchanter)              Turns: 2328, Time: 00:04:37

Health: -36/21     AC:  5    Str:  5    XL:     4   Next: 60%
Magic:  11/11      EV: 17    Int: 16    God:
Gold:   73         SH:  5    Dex: 15    Spells: 4/12 levels left

rFire   . . .      SeeInvis +   d - +3 dagger (venom)
rCold   . . .      Faith    .   (shield restricted)
rNeg    . . .      Spirit   .   b - +0 robe
rPois   .          Reflect  +   (helmet restricted)
rElec   .          Harm     .   m - +2 cloak
rCorr   .          Rampage  .   (gloves unavailable)
Will    .....                   (boots unavailable)
Stlth   +++.......              l - amulet of reflection
HPRegen 0.07/turn               (no ring)
MPRegen 0.12/turn               (no ring)

@: lethally poisoned (-36 -> -53), very quick
A: very small, no large weapons, unfitting armour, see invisible, speed 3
a: no special abilities


You were on level 3 of the Dungeon.
You visited 1 branch of the dungeon, and saw 3 of its levels.

You collected 73 gold pieces.

Inventory:

Hand Weapons
 a - a +1 dagger
 d - a +3 dagger of venom (weapon)
Missiles
 k - a throwing net (quivered)
Armour
 b - a +0 robe (worn)
 m - a +2 cloak (worn)
Jewellery
 l - an amulet of reflection (around neck)
Wands
 f - a wand of iceblast (6)
Scrolls
 e - 2 scrolls of enchant armour
 h - 2 scrolls of identify
 i - a scroll of immolation
 n - a scroll of fog
Potions
 c - a potion of invisibility
 o - a potion of haste
 p - a potion of flight


   Skills:
 - Level 1.1 Short Blades
 - Level 2.6 Dodging
 - Level 4.4 Stealth
 + Level 4.6 Spellcasting
 + Level 5.3 Hexes


You had 4 spell levels left.
You knew the following spells:

 Your Spells              Type           Power      Damage    Failure   Level
a - Ensorcelled Hibernat  Hex/Ice        24%        N/A       9%          2
b - Tukima's Dance        Hex            20%        N/A       5%          3
c - Dazzling Flash        Conj/Hex       24%        N/A       16%         3

Your spell library contained the following spells:

 Spells                   Type           Power      Damage    Failure   Level
 Slow                     Hex            20%        N/A       2%          2
 Confusing Touch          Hex            20%        N/A       5%          3
 Freeze                   Ice            12%        1d4       16%         1
 Frozen Ramparts          Ice            6%         1d2       43%         3
 Hailstorm                Conj/Ice       3%         3d3       83%         4
 Yara's Violent Unravell  Hex/Tmut       6%         3d5       83%         5


Dungeon Overview and Level Annotations

Branches:
Dungeon (3/15)

Altars:

Annotations:
D:3 1 runed translucent door, Robin; Silenceoftheyaks's ghost, weakling DsCA


Innate Abilities, Weirdness & Mutations

You are very small and have problems with some larger weapons.
You are too small for most types of armour.
You have supernaturally acute eyesight. (SInv)
You cover ground extremely quickly. (Speed+++)


Message History

Unknown command.
Aiming: Iceblast
Press: ? - help, Shift-Dir - straight line, p - goblin
Okay, then.
Unknown command.
The goblin hits you with a +0 dagger of venom.
You are poisoned.
Unknown command.
Unknown command.
You feel sick.
The goblin hits you with a +0 dagger of venom.
You are lethally poisoned!
Silenceoftheyaks's ghost keens inconsolably.
Okay, then.
Unknown command.
As you read the scroll of summoning, it crumbles to dust.
Wisps of shadow whirl around you...
* * * LOW HITPOINT WARNING * * *
You feel very sick. Robin throws the goblin at you!
The goblin barely misses you.
Silenceoftheyaks's ghost says, "Your head on a pike would complement this floor nicely."
The goblin hits you with a +0 dagger.
* * * LOW HITPOINT WARNING * * *
Okay, then.
Unknown command.
Okay, then.
Unknown command.
Unknown command.
Really read the scroll of immolation?
As you read the scroll of immolation, it crumbles to dust.
The creatures around you are filled with an inner flame!
* * * LOW HITPOINT WARNING * * *
You feel sick.
Your quokka barely misses the goblin.
The goblin hits you but does no damage.
You are more poisoned.
The goblin misses you.
Your hobgoblin hits the goblin.
The goblin explodes!
The fiery explosion engulfs the goblin!
The fiery explosion engulfs you!!!
Ouch! That really hurt!
You die...

## ≈. .. ... #. ##.##.#
......) .# .....))## ..
..###))†## .# ###
.##⌠##.rg##r# #..
##...##§§@g.## #.#
#..?..##)§...# #.#
⌠..♣..W+§g.g.# ##.#
#..!..##.....##########..#
##...##.................##
.##⌠##...#.(.####..####.#
..###..............####.##
..........................
..................####.##


You could see Robin (inner flame), Silenceoftheyaks's ghost, a quokka (inner
flame), a goblin (inner flame, strong, ally target), a friendly quokka
(summoned, inner flame), a friendly hobgoblin (summoned, inner flame) and a
friendly goblin (summoned, inner flame).

Vanquished Creatures
  A bullfrog (D:3)
  4 dart slugs
  5 ball pythons
  4 bats
  5 endoplasms
  2 giant cockroaches
  10 goblins
  3 hobgoblins (D:3)
  A frilled lizard (D:3)
  3 kobolds
  3 rats
41 creatures vanquished.

Vanquished Creatures (collateral kills)
  A goblin (D:3)
1 creature vanquished.

Grand Total: 42 creatures vanquished

Notes
Turn   | Place    | Note
-------+----------+-------------------------------------------
     0 | D:1      | nrengl the Spriggan Enchanter began the quest for the Orb.
     0 | D:1      | Reached XP level 1. HP: 9/9 MP: 5/5
   739 | D:1      | Reached skill level 4 in Hexes
   739 | D:1      | Reached XP level 2. HP: 13/13 MP: 7/7
   742 | D:1      | Learned a level 2 spell: Ensorcelled Hibernation
  1789 | D:2      | Found a faded altar of an unknown god.
  1806 | D:3      | Reached XP level 3. HP: 16/16 MP: 9/9
  1810 | D:3      | Learned a level 3 spell: Tukima's Dance
  1814 | D:3      | Learned a level 3 spell: Dazzling Flash
  2043 | D:3      | Noticed a bullfrog
  2061 | D:3      | Killed a bullfrog
  2062 | D:3      | Reached skill level 5 in Hexes
  2062 | D:3      | Reached XP level 4. HP: 15/21 MP: 8/11
  2311 | D:3      | Found a runed translucent door.
  2311 | D:3      | Noticed Silenceoftheyaks's ghost (weakling DsCA)
  2318 | D:3      | Noticed Robin
  2328 | D:3      | HP: 1/21 [poisoned by a goblin]
  2328 | D:3      | Killed by an exploding goblin... ignited by their inner
                  | flame

Illustrated notes

Levels and vault maps discovered:
D:1:      dpeg_arrival_another_circle, layout_loops_ring,
          chequers_serial_rivers_micro_e, roderic_roman_lattice
D:2:      layout_rooms, shapermc_ecumenical_altar_mp_urbaneastern, hex_large
D:3:      layout_loops_cross, mainiacjoe_overflow_catwalk,
          hellmonk_ghost_happy_afterlife, minmay_fractal_squares_diagonal_5,
          uniq_sigmund, uniq_robin

Skill      XL: |  1  2  3 |
---------------+----------+-----
Spellcasting   | 3 4 |  4.6
Hexes          | 4 5 |  5.3
Short Blades   | |  1.1
Dodging        | |  2.6
Stealth        | |  4.4

Action                   |  1- 3 |  4- 6 || total
-------------------------+-------+-------++-------
Melee: Dagger            |    55 |     6 ||    61
 Cast: Ensorcelled Hiber |     1 |       ||     1
Evoke: Wand              |       |     2 ||     2
  Use: Scroll            |     5 |     7 ||    12
 Stab: Sleeping          |    14 |     2 ||    16
Armor: Robe              |     5 |     3 ||     8
Dodge: Dodged            |    22 |     5 ||    27
Block: Other             |     3 |       ||     3

Table legend: (Time is in decaauts)
 A = Elapsed time spent in this place.
 B = Non-inter-level travel time spent in this place.
 C = Inter-level travel time spent in this place.
 D = Time resting spent in this place.
 E = Time spent auto-exploring this place.
 F = Levels seen in this place.
 G = Mean time per level.
                   A        B        C        D        E       F      G
               +--------+--------+--------+--------+--------+-----+--------+
         Total |   1727 |   1705 |     22 |    573 |    821 |   3 |  575.7 |
       Dungeon |   1727 |   1705 |     22 |    573 |    821 |   3 |  575.7 |
               +--------+--------+--------+--------+--------+-----+--------+

Top non-repeatable levels by time:
     D:1: 1012 daAuts
     D:3: 371 daAuts
     D:2: 343 daAuts
